 Dungeon Crawl Stone Soup version 0.21.0-3-g78d12a8 (webtiles) character file.

237033 grisnicke the Black Belt (level 18, -8/211 HPs)
             Began as a Pale Draconian Transmuter on Jan 11, 2018.
             Was the Champion of Wu Jian.
             Mangled by a phantasmal warrior (19 damage)
             ... summoned by a vampire mage
             ... on level 2 of the Vaults on Jan 13, 2018.
             The game lasted 06:29:19 (47646 turns).

grisnicke the Black Belt (DrTm)                    Turns: 47646, Time: 06:29:20

Health: -8/211     AC: 33    Str: 13    XL:     18   Next: 52%
Magic:  35/42      EV: 20    Int: 25    God:    Wu Jian [******]
Gold:   838        SH:  0    Dex: 13    Spells: 4/38 levels left

rFire    + . .     SeeInvis .     - Unarmed
rCold    . . .     Gourm    .   (no shield)
rNeg     + + .     Faith    .   (armour unavailable)
rPois    ∞         Spirit   .   V - +3 hat of Pondering {ponderous, MR+ MP+10 Int+5}
rElec    +         Reflect  .   k - +2 cloak
rCorr    .         Harm     .   (gloves currently unavailable)
MR       +....                  (boots currently unavailable)
Stlth    +.........             N - amulet of regeneration {+regen, !d}
HPRegen  0.85/turn              j - ring of Buamp {rN+ MR+}
MPRegen  0.28/turn              e - ring of protection from fire {rF+, !d}

@: statue-form, vulnerable, very slightly contaminated, hasted and slowed, very
slow
A: (breathe steam), unfitting armour, cold-blooded, AC +10
}: 2/15 runes: barnacled, gossamer
a: End Transformation, Wall Jump, Serpent's Lash, Heavenly Storm, Renounce
Religion


You were on level 2 of the Vaults.
You worshipped Wu Jian.
Wu Jian was exalted by your worship.
You were very hungry.
You were a stone statue.
You visited 6 branches of the dungeon, and saw 33 of its levels.
You also visited: Bailey and Ice Cave.

You collected 4229 gold pieces.
You spent 3391 gold pieces at shops.

Inventory:

Hand Weapons
 b - the +5 hunting sling of Kuytos {flame, *Slow +Inv rPois Dex+4}
   (You bought it in a shop on level 4 of the Dungeon)

   It causes projectiles fired from it to burn those they strike, causing extra
   injury to most foes and up to half again as much damage against particularly
   susceptible opponents.
   It affects your dexterity (+4).
   It protects you from poison.
   It lets you turn invisible.
   It may slow you when you take damage.
Missiles
 a - 531 arrows
 r - 288 sling bullets
 W - 20 throwing nets (quivered) {=f, !d}
Armour
 k - a +2 cloak (worn)
   (You took it off Maurice on level 10 of the Dungeon)
 I - a +2 pair of boots of running (melded)
   (You acquired it on level 2 of the Lair of Beasts)
 L - the +0 pair of gloves "Cadamnuype" (melded) {rPois}
   (You acquired it on level 2 of the Lair of Beasts)

   It protects you from poison.
 V - the +3 hat of Pondering (worn) {ponderous, MR+ MP+10 Int+5}
   (You took it off Gastronok on level 1 of the Lair of Beasts)

   It affects your intelligence (+5).
   It affects your resistance to hostile enchantments.
   It affects your magic capacity (+10).
Magical Staves
 d - an uncursed staff of air {rElec}
   (You bought it in a shop on level 11 of the Dungeon)
Jewellery
 e - a ring of protection from fire (right hand) {rF+, !d}
   (You found it on level 6 of the Lair of Beasts)
 h - an uncursed ring of protection from cold {rC+, !d}
   (You found it on level 4 of the Dungeon)
 j - the ring of Buamp (left hand) {rN+ MR+}
   (You took it off an entropy weaver on level 2 of the Spider Nest)

   [ring of protection from magic]

   It protects you from negative energy.
   It affects your resistance to hostile enchantments.
 t - a +3 ring of slaying
   (You found it on level 3 of the Spider Nest)
 N - an amulet of regeneration (around neck) {+regen, !d}
   (You found it on level 6 of the Lair of Beasts)
 Z - a +2 ring of protection
   (You found it on level 2 of the Lair of Beasts)
Wands
 u - a wand of scattershot (13)
   (You found it on level 5 of the Dungeon)
 x - a wand of iceblast (27)
   (You found it on level 6 of the Dungeon)
 G - a wand of paralysis (40)
   (You found it on level 8 of the Dungeon)
 K - a wand of clouds (4)
   (You found it on level 2 of the Shoals)
 P - a wand of digging (15)
   (You found it on level 2 of the Spider Nest)
 R - a wand of acid (30)
   (You bought it in a shop on level 4 of the Dungeon)
Scrolls
 f - 2 scrolls of fog
 i - 4 scrolls of teleportation
 n - 7 scrolls of magic mapping {!r}
 q - 5 scrolls of immolation {!r}
 v - 8 scrolls of remove curse
 H - 5 scrolls of fear
 J - a scroll of silence
 M - 9 scrolls of identify
 O - 2 scrolls of summoning
 S - 3 scrolls of vulnerability {!r!r}
 X - 8 scrolls of blinking {!r}
Potions
 g - 3 potions of haste
 l - 3 potions of flight
 m - 7 potions of curing
 o - 6 potions of ambrosia
 s - 3 potions of brilliance
 z - a potion of invisibility
 A - 3 potions of might
 C - 3 potions of resistance
 D - 3 potions of agility
 E - 2 potions of cancellation
 Q - 7 potions of heal wounds
 U - 4 potions of mutation {!q}
 Y - 4 potions of berserk rage {!q}
Miscellaneous
 p - a lamp of fire
   (You bought it in a shop on level 11 of the Dungeon)
 y - a box of beasts
 F - a phial of floods
   (You bought it in a shop on level 4 of the Dungeon)
Comestibles
 c - 34 rations
 w - 3 chunks of flesh {@w0}


   Skills:
 + Level 15.5 Fighting
 * Level 12.6 Dodging
 + Level 16.4 Unarmed Combat
 + Level 10.6 Spellcasting
 - Level 7.2 Summonings
 - Level 1.0 Translocations
 - Level 12.0 Transmutations
 - Level 2.4 Ice Magic
 - Level 7.0 Air Magic
 - Level 12.0 Earth Magic
 - Level 1.0 Poison Magic
 - Level 5.0 Evocations


You had 4 spell levels left.
You knew the following spells:

 Your Spells              Type           Power        Failure   Level  Hunger
a - Beastly Appendage     Tmut           ######       1%          1    None
b - Ice Form              Ice/Tmut       #####...     2%          4    None
c - Spider Form           Tmut/Pois      #####.....   1%          3    None
d - Blink                 Tloc           N/A          4%          2    None
e - Summon Lightning Spi  Summ/Air       #####...     2%          4    None
f - Statue Form           Tmut/Erth      ######...    4%          6    #####..
g - Poisonous Vapours     Pois/Air       ####..       1%          2    None
s - Sticks to Snakes      Tmut           ######..     1%          2    None
x - Blade Hands           Tmut           ######....   1%          5    ####...
z - Lee's Rapid Deconstr  Erth           ######....   1%          5    ####...


Dungeon Overview and Level Annotations

Branches:
Dungeon (15/15)            Temple (0/1) D:6            Lair (6/6) D:9
 Shoals (4/4) Lair:4       Spider (4/4) Lair:3        Slime (0/5) Lair:5
    Orc (2/2) D:11            Elf (0/3) Orc:2        Vaults (2/5) D:14
 Depths (0/5) D:15
  Crypt: Vaults:2-3

Altars:
Gozag
Kikubaaqudgha
Okawaru
Ru
Vehumet
Wu Jian
Xom
Yredelemnul
The Shining One

Shops:
D:4 (!}(   D:11 %*   Orc:2 [(*%   Vaults:2 !

Annotations:
D:6 2 runed doors
Lair:2 exclusion: 3 oklob plants
Shoals:1 exclusion: Roxanne, Roxanne
Shoals:4 Ilsuiw


Innate Abilities, Weirdness & Mutations

((You can breathe blasts of scalding, opaque steam.))
((Your pale cyan-grey scales are hard. (AC +10)))
You cannot fit into any form of body armour.
You are cold-blooded and may be slowed by cold attacks.


Message History

You hit something but do no damage. You tail-slap something.
You completely miss something. You tail-slap something. Something hits you.
Something hits you but does no damage. Something bites you but does no damage.
You take 4 damage, and have 143/163 hp.
You hit something. Something hits you!!
You take 19 damage, and have 124/163 hp.
You hit something but do no damage. Something misses you.
Something bites you but does no damage.
You hit something. Something hits you but does no damage. Something hits you.
Something bites you but does no damage. The shadow barely misses you.
You take 3 damage, and have 121/163 hp.
You are feeling hungry.
You punch something! You tail-slap something. Something hits you!!
Something drains your vigour!
You feel yourself slow down. The shadow hits you. Something barely misses you.
Something bites you but does no damage.
You take 26 damage, and have 95/163 hp.
You miscast Statue Form.
You are very lightly contaminated with residual magic.
You feel gritty. Something closely misses you. Something hits you!
Something bites you but does no damage. The shadow completely misses you.
You take 9 damage, and have 86/163 hp.
You now have 36/42 mp.
Unknown command.
You turn into a living statue of rough stone.
The +0 pair of gloves "Cadamnuype" {rPois} melds into your body.
Your +2 pair of boots of running melds into your body.
You feel rather sluggish.
You are feeling very hungry.
Something hits you. The shadow hits you. Something closely misses you.
Something barely misses you. Something hits you but does no damage.
The shadow misses you. Something barely misses you. x2
You now have 106/211 hp.
You completely miss something. Something hits you but does no damage.
The shadow closely misses you. Something hits you but does no damage.
Something bites you but does no damage.
You miss something. Something barely misses you. The shadow hits you.
Something hits you but does no damage. Something bites you but does no damage.
Something hits you. Something drains your vigour!
You feel as though you will be slow longer.
Something hits you but does no damage. Something bites you.
The shadow closely misses you.
You take 5 damage, and have 102/211 hp.
You barely miss something. You tail-slap something.
Something closely misses you. Something hits you but does no damage.
Something bites you but does no damage. The shadow hits you.
You punch something! You tail-slap something. Something hits you!
Something drains your vigour!
You feel as though you will be slow longer.
The shadow closely misses you. Something closely misses you.
Something barely misses you. Something hits you. Something drains your vigour!
You feel as though you will be slow longer.
Something hits you but does no damage. Something bites you but does no damage.
The shadow hits you.
You take 20 damage, and have 83/211 hp.
You hit something but do no damage.
Something hits you but does no damage. x2
Something bites you but does no damage. The shadow barely misses you.
You pummel something!! Something hits you but does no damage.
The shadow closely misses you. Something hits you! Something barely misses you.
Something hits you but does no damage. Something closely misses you.
Something bites you but does no damage. The shadow completely misses you.
You take 7 damage, and have 77/211 hp.
You hit something. Your punch misses something.
Something hits you but does no damage. Something closely misses you.
Something bites you but does no damage. The shadow completely misses you.
You pummel something!!
Reactivating autopickup.
The shadow slips into darkness.
The shadow flickers and vanishes!
Deactivating autopickup; reactivate with Ctrl-A.
Something hits you but does no damage. Something barely misses you.
The shadow strikes at you from the darkness!
Reactivating autopickup.
You hear some strange, mumbled words.
You take 11 damage, and have 67/211 hp.
Deactivating autopickup; reactivate with Ctrl-A.
You pulverise something!!!
The shadow closely misses you.
Unholy energy fills the air.
Something barely misses you. The phantasmal warrior hits you!
* * * LOW HITPOINT WARNING * * *
You take 13 damage, and have 54/211 hp.
Unknown command.
You feel yourself speed up.
Unholy energy fills the air.
* * * LOW HITPOINT WARNING * * *
The shadow slips into darkness.
The shadow flickers and vanishes!
The shadow slips into darkness.
The shadow flickers and vanishes!
The phantasmal warrior hits you!!
* * * LOW HITPOINT WARNING * * *
Your magical defenses are stripped away!
Something hits you!
* * * LOW HITPOINT WARNING * * *
Something hits you but does no damage. Something closely misses you.
The shadow strikes at you from the darkness!
Reactivating autopickup.
Something hits you.
* * * LOW HITPOINT WARNING * * *
Deactivating autopickup; reactivate with Ctrl-A.
The phantasmal warrior hits you!!
You die...

##### #######...#
####...#...#..#
#.......W8{##....
#........{W#
###...
#[.......{.# ##
+...<.!.8.{#
#..........##
#.....8.∩.8.#
#..)).......#
#..)....8...#
#.8.).......#


You could see a phantasmal warrior and a shadow.

Vanquished Creatures
  Nikola (Shoals:3)
  Jorgrun (Shoals:2)
  A kraken (Shoals:4)
  A storm dragon (Vaults:1)
  Gastronok (Lair:1)
  Kirke (D:12)
  5 ghost moths
  3 vault wardens (Vaults:1)
  7 emperor scorpions
  A stone giant (Vaults:1)
  3 ironheart preservers (Vaults:1)
  2 entropy weavers
  Nessos (D:15)
  2 spark wasps
  A deep elf demonologist (Vaults:1)
  A dire elephant (Lair:6)
  2 blizzard demons (IceCv)
  Josephine (Lair:4)
  3 merfolk javelineers (Shoals:4)
  A crystal guardian (Vaults:1)
  3 fire dragons
  2 ogre magi
  8 merfolk impalers
  6 yaktaur captains
  A great orb of eyes (D:14)
  An ice dragon (Vaults:1)
  Fannar (Lair:2)
  4 hydras
  A vault guard (Vaults:1)
  An alligator snapping turtle (Shoals:4)
  3 merfolk avatars
  A catoblepas (D:14)
  15 two-headed ogres
  A death knight (D:14)
  2 satyrs
  3 centaur warriors
  A queen ant (Spider:3)
  4 merfolk aquamancers (Shoals:4)
  7 death yaks
  A tengu warrior (D:15)
  An iron troll (Orc:2)
  4 skeletal warriors
  11 sea snakes
  2 unseen horrors (D:15)
  2 lindwurms (Lair:6)
  5 ironbrand convokers (Vaults:1)
  A lindwurm (shapeshifter) (Vaults:1)
  3 wizards (Vaults:1)
  10 orb spiders
  2 orc knights
  A necromancer (Lair:4)
  Pikel (D:5)
  12 wolf spiders
  5 deep elf magi
  10 harpies
  22 ugly things
  6 fauns
  8 manticores
  3 cyclopes
  4 merfolk sirens
  4 elephants
  Maurice (D:10)
  Psyche (D:10)
  4 ice statues
  A centaur zombie (D:14)
  3 water nymphs
  2 vault sentinels (Vaults:1)
  2 black mambas
  A gargoyle (D:14)
  6 spiny frogs
  3 rime drakes (Lair:6)
  2 kobold demonologists (D:14)
  13 demonic crawlers
  13 yaktaurs
  5 ice devils (IceCv)
  3 komodo dragons
  2 golden dragon simulacra (IceCv)
  2 freezing wraiths (Spider:1)
  A troll (shapeshifter) (Vaults:1)
  5 trolls
  14 jumping spiders
  A queen bee (Lair:2)
  A tengu conjurer (D:15)
  33 merfolk
  15 slime creatures
  6 wind drakes
  5 blink frogs
  A harpy skeleton (D:15)
  4 hornets
  11 hippogriffs
  7 snapping turtles
  5 dream sheep (Lair:6)
  2 spriggans (shapeshifter) (D:14)
  3 vampires
  9 tarantellas
  3 wraiths (Lair:4)
  25 redbacks
  6 water elementals
  53 yaks
  3 wyverns
  2 basilisks
  2 steam dragons (Lair:6)
  A hog (D:12)
  5 vampire mosquitoes
  A spatial vortex (D:15)
  2 iron troll simulacra (IceCv)
  2 wargs
  2 acid dragons
  6 water moccasins
  2 hydra simulacra (IceCv)
  14 porcupines
  16 orc warriors
  A black bear (D:11)
  An ice beast (Vaults:1)
  6 sky beasts
  A necrophage (D:8)
  14 ogres
  13 wolves
  14 centaurs
  A tengu (Lair:3)
  15 crocodiles
  Blork the orc (D:5)
  10 bullfrogs
  9 big kobolds
  A wyvern zombie (D:13)
  3 gnoll sergeants (Bailey)
  A wyvern skeleton (D:12)
  6 scorpions
  A water moccasin skeleton (D:6)
  13 wights
  19 killer bees
  3 howler monkeys (D:9)
  An electric eel (D:15)
  7 crimson imps
  2 bullfrog zombies
  A quasit (D:8)
  7 hounds
  17 jellies
  11 orc priests
  5 bullfrog skeletons
  A gnoll shaman (Bailey)
  14 orc wizards
  Jessica (D:3)
  8 centaur skeletons
  10 iguanas
  5 polar bear simulacra (Lair:4)
  17 worker ants
  A yak simulacrum (Lair:4)
  A hound zombie (D:5)
  3 worker ant zombies
  8 gnolls
  11 adders
  A river rat (D:15)
  An adder zombie (D:7)
  16 oozes
  3 worms (D:3)
  2 dart slugs
  3 leopard geckos
  72 orcs
  A ball python (D:3)
  12 bats
  4 giant cockroaches
  3 hobgoblins
  10 jackals
  3 quokkas
  5 frilled lizards
  5 goblins
  40 kobolds
  A leopard gecko skeleton (D:7)
  A quokka skeleton (D:6)
  A quokka zombie (D:6)
  5 rats
  3 fungi
  2 plants (D:15)
  2 tentacles (Shoals:4)
1014 creatures vanquished.

Vanquished Creatures (collateral kills)
  An orc warlord (Orc:2)
  2 entropy weavers
  A deep elf annihilator (Vaults:1)
  6 merfolk impalers
  A vault guard (Vaults:1)
  4 hydras
  A rakshasa (Vaults:2)
  A centaur warrior (Vaults:1)
  A merfolk aquamancer (Shoals:4)
  A satyr (Shoals:2)
  2 ogre magi
  2 death yaks
  10 two-headed ogres
  A deep troll (Orc:2)
  A swamp dragon (Lair:6)
  An orc knight (Vaults:1)
  An ironbrand convoker (Vaults:1)
  A deep elf archer (D:14)
  3 manticores
  10 wolf spiders
  5 orb spiders
  7 ugly things
  A deep elf mage (D:12)
  10 fauns
  3 cyclopes
  An elephant (Lair:5)
  4 merfolk sirens
  A centaur zombie (D:14)
  2 black mambas (Lair:6)
  A torpor snail (Lair:6)
  3 demonic crawlers
  A yaktaur (D:14)
  A rime drake (Lair:6)
  4 ice devils (IceCv)
  2 komodo dragons
  A tengu conjurer (D:14)
  An anaconda simulacrum (IceCv)
  17 jumping spiders
  15 merfolk
  4 trolls (Orc:2)
  3 snapping turtles
  5 hornets
  3 wind drakes (Shoals:4)
  4 dream sheep (Lair:6)
  6 blink frogs
  4 slime creatures
  A hippogriff (Lair:3)
  8 tarantellas
  A wyvern (D:12)
  18 redbacks
  3 water elementals
  20 yaks
  2 wraiths
  2 basilisks (Lair:6)
  3 hogs (D:12)
  A vampire mosquito (D:13)
  An iron troll simulacrum (IceCv)
  2 harpy simulacra (IceCv)
  A warg (Orc:1)
  2 acid dragons
  2 soldier ants (Spider:3)
  7 water moccasins
  An ice beast (D:13)
  7 orc warriors
  4 porcupines
  3 swamp drakes (Lair:6)
  14 ogres
  3 centaurs (D:13)
  8 wolves
  6 crocodiles
  A big kobold (D:14)
  6 gnoll sergeants
  4 bullfrogs
  A scorpion (D:5)
  16 killer bees (Lair:2)
  6 wights
  An electric eel (Spider:2)
  A crimson imp (D:13)
  6 orc priests
  10 jellies
  2 orc wizards (Orc:2)
  5 gnoll shamans (Bailey)
  A bullfrog skeleton (D:7)
  5 iguanas
  3 polar bear simulacra (Lair:4)
  5 worker ants
  A yak simulacrum (Lair:4)
  A wolf simulacrum (Lair:4)
  An adder (D:6)
  13 gnolls
  A shadow imp (D:14)
  9 oozes
  20 orcs
  A jackal (D:8)
  A quokka (D:12)
  2 bats (D:11)
  9 kobolds
  A fungus (D:11)
  A plant (Shoals:2)
414 creatures vanquished.

Vanquished Creatures (others)
  A crimson imp (D:5)
  A kobold (D:8)
  A fire vortex (Lair:1)
  11 fungi
  35 plants
  7 tentacles (Shoals:4)
  5 toadstools (D:1)
61 creatures vanquished.

Grand Total: 1489 creatures vanquished

Notes
Turn   | Place    | Note
-------+----------+-------------------------------------------
     0 | D:1      | grisnicke the Draconian Transmuter began the quest for the Orb.
     0 | D:1      | Reached XP level 1. HP: 16/16 MP: 3/3
   140 | D:1      | Reached XP level 2. HP: 23/23 MP: 5/5
   144 | D:1      | Learned a level 2 spell: Sticks to Snakes
  1054 | D:2      | Found a radiant altar of Vehumet.
  1068 | D:2      | Reached XP level 3. HP: 23/29 MP: 4/6
  1104 | D:2      | Learned a level 3 spell: Spider Form
  1286 | D:2      | Found an ancient bone altar of Kikubaaqudgha.
  1429 | D:3      | Found a shimmering altar of Xom.
  1483 | D:2      | Reached skill level 3 in Transmutations
  1586 | D:3      | Reached skill level 2 in Fighting
  1840 | D:3      | Noticed Jessica
  1855 | D:3      | Killed Jessica
  1855 | D:3      | Reached XP level 4. HP: 36/36 MP: 5/7
  2699 | D:4      | Found Ceshenoa's Distillery.
  2726 | D:4      | Reached skill level 1 in Poison Magic
  2763 | D:4      | Bought a potion of heal wounds for 55 gold pieces
  2766 | D:4      | Found Unooluh's Weapon Shop.
  2777 | D:4      | Found Gecamame's Gadget Emporium.
  2883 | D:4      | Reached XP level 5. HP: 38/41 MP: 5/9
  3201 | D:4      | Found Tocry's Antique Weapon Shoppe.
  3280 | D:4      | Found an opulent altar of Gozag.
  3697 | D:5      | Entered Level 5 of the Dungeon
  3697 | D:5      | Noticed a centaur
  3699 | D:5      | Noticed Blork the orc
  3705 | D:5      | Killed a centaur
  3705 | D:5      | Reached skill level 3 in Spellcasting
  3705 | D:5      | Reached skill level 4 in Transmutations
  3707 | D:5      | Found an iron altar of Okawaru.
  3710 | D:5      | Killed Blork the orc
  3710 | D:5      | Reached skill level 4 in Unarmed Combat
  3710 | D:5      | Reached XP level 6. HP: 28/50 MP: 3/10
  3940 | D:5      | Found an ornate altar of the Wu Jian Council.
  3950 | D:5      | Became a worshipper of the Wu Jian Council
  4314 | D:5      | Noticed Pikel
  4315 | D:5      | Noticed a slave
  4326 | D:5      | Noticed a slave
  4335 | D:5      | Killed Pikel
  4335 | D:5      | Reached skill level 4 in Fighting
  4335 | D:5      | Reached skill level 5 in Unarmed Combat
  4335 | D:5      | Reached skill level 6 in Transmutations
  4335 | D:5      | Your scales start taking on a pale cyan-grey colour.
  4335 | D:5      | Reached XP level 7. HP: 43/59 MP: 8/11
  4475 | D:5      | HP: 14/59 [poisoned by a water moccasin]
  4898 | D:5      | Reached XP level 8. HP: 46/67 MP: 9/12
  5384 | D:6      | Found a large runed door.
  5384 | D:6      | Found a large runed door.
  5446 | D:6      | Found a staircase to the Ecumenical Temple.
  5534 | D:6      | Learned a level 4 spell: Ice Form
  5881 | D:4      | Bought a potion of might for 44 gold pieces
  5881 | D:4      | Bought a potion of lignification for 33 gold pieces
  5957 | D:6      | Found a large runed door.
  5958 | D:6      | Found a large runed door.
  6157 | D:6      | Reached skill level 7 in Transmutations
  6157 | D:6      | Reached skill level 1 in Ice Magic
  6202 | D:6      | Reached skill level 5 in Fighting
  6222 | D:6      | Reached * piety under Wu Jian
  6778 | D:6      | Found a sacrificial altar of Ru.
  6801 | D:6      | Noticed a slime creature
  6805 | D:6      | Killed a slime creature
  6805 | D:6      | Reached skill level 6 in Unarmed Combat
  6805 | D:6      | Reached skill level 2 in Ice Magic
  6811 | D:6      | Found the +8 frozen axe "Frostbite" {freezing cloud, *Noise +Fly rC+}
  7419 | D:7      | Reached skill level 6 in Fighting
  7429 | D:7      | Reached XP level 9. HP: 54/75 MP: 7/14
  7491 | D:7      | Reached skill level 7 in Unarmed Combat
  7843 | D:7      | Found a glowing golden altar of the Shining One.
  7983 | D:7      | Reached skill level 4 in Spellcasting
  7990 | D:7      | Learned a level 5 spell: Blade Hands
  8228 | D:7      | Found a radiant altar of Vehumet.
  8524 | D:7      | Found a glowing golden altar of the Shining One.
  8976 | D:8      | Reached ** piety under Wu Jian
  8976 | D:8      | Reached skill level 1 in Evocations
  9007 | D:8      | Noticed a two-headed ogre
  9012 | D:8      | Killed a two-headed ogre
  9012 | D:8      | Reached skill level 7 in Fighting
  9012 | D:8      | Reached skill level 8 in Unarmed Combat
  9012 | D:8      | Reached skill level 8 in Transmutations
  9012 | D:8      | Reached skill level 2 in Evocations
  9175 | D:8      | Reached skill level 3 in Evocations
  9394 | D:8      | Reached XP level 10. HP: 80/86 MP: 16/16
  9854 | D:8      | Reached *** piety under Wu Jian
  9854 | D:8      | Reached skill level 9 in Unarmed Combat
 10076 | D:8      | Reached skill level 2 in Dodging
 10532 | D:9      | Reached skill level 8 in Fighting
 10556 | D:9      | Reached skill level 3 in Dodging
 10568 | D:9      | Reached **** piety under Wu Jian
 10937 | D:9      | Noticed a two-headed ogre
 10946 | D:9      | Killed a two-headed ogre
 10946 | D:9      | Reached skill level 4 in Dodging
 10946 | D:9      | Reached skill level 9 in Transmutations
 11325 | D:9      | Found a staircase to the Lair.
 11366 | D:9      | Learned a level 2 spell: Blink
 11719 | D:10     | Entered Level 10 of the Dungeon
 11879 | D:10     | Noticed Maurice
 11899 | D:10     | Killed Maurice
 11942 | D:10     | Reached skill level 5 in Dodging
 11945 | D:10     | Reached XP level 11. HP: 67/95 MP: 13/18
 12512 | D:10     | Got a slimy trident
 12553 | D:10     | Noticed Psyche
 12565 | D:10     | Killed Psyche
 12565 | D:10     | Reached skill level 5 in Spellcasting
 12714 | D:10     | Reached ***** piety under Wu Jian
 13027 | D:11     | Found a staircase to the Orcish Mines.
 13061 | D:11     | Noticed a brown ugly thing
 13204 | D:11     | Reached skill level 9 in Fighting
 13328 | D:11     | Noticed a cyan ugly thing
 13384 | D:11     | Found Mucecogrya's Food Shoppe.
 13401 | D:11     | Found Ogaofem's Elemental Accessories.
 13782 | D:11     | Found the +7 Singing Sword
 13979 | D:11     | Learned a level 4 spell: Summon Lightning Spire
 14136 | D:4      | Bought a wand of acid (9) for 260 gold pieces
 14154 | D:4      | Bought a brightly glowing hunting sling for 162 gold pieces
 14154 | D:4      | Identified the +5 hunting sling of Kuytos {flame, *Slow +Inv rPois Dex+4} (You bought it in a shop on level 4 of the Dungeon)
 14289 | Lair:1   | Entered Level 1 of the Lair of Beasts
 14315 | Lair:1   | Reached skill level 1 in Summonings
 14315 | Lair:1   | Reached skill level 1 in Air Magic
 14333 | Lair:1   | Reached skill level 2 in Air Magic
 14335 | Lair:1   | Reached skill level 2 in Summonings
 14639 | Lair:1   | Noticed Gastronok
 14700 | Lair:1   | Killed Gastronok
 14700 | Lair:1   | Reached skill level 10 in Unarmed Combat
 14700 | Lair:1   | Reached skill level 3 in Summonings
 14700 | Lair:1   | Reached skill level 3 in Air Magic
 14934 | Lair:1   | Reached skill level 6 in Dodging
 14934 | Lair:1   | Reached skill level 4 in Air Magic
 14943 | Lair:1   | Reached skill level 4 in Summonings
 15237 | Lair:1   | Reached skill level 5 in Air Magic
 15614 | Lair:1   | Reached skill level 5 in Summonings
 15759 | Lair:1   | Reached XP level 12. HP: 104/104 MP: 20/20
 15984 | Lair:1   | Reached skill level 6 in Air Magic
 16391 | Lair:2   | Noticed a five-headed hydra
 16423 | Lair:2   | Killed a five-headed hydra
 16423 | Lair:2   | Reached skill level 6 in Summonings
 16761 | Lair:2   | Noticed Fannar
 16794 | Lair:2   | Killed Fannar
 16794 | Lair:2   | Reached skill level 7 in Dodging
 17077 | Lair:2   | Reached skill level 6 in Spellcasting
 17343 | Lair:2   | Reached ****** piety under Wu Jian
 17371 | Lair:2   | Reached skill level 7 in Summonings
 17374 | Lair:2   | Reached skill level 7 in Air Magic
 17667 | Lair:2   | Identified 3 scrolls of acquirement
 17679 | Lair:2   | Identified a +1 pair of boots of running (You acquired it on level 2 of the Lair of Beasts)
 17684 | Lair:2   | Got a pair of warped gloves
 17685 | Lair:2   | Identified the +0 pair of gloves "Cadamnuype" {rPois} (You acquired it on level 2 of the Lair of Beasts)
 17778 | Lair:3   | Reached skill level 1 in Translocations
 18199 | Lair:3   | Found a hole to the Spider Nest.
 18489 | Lair:3   | Reached skill level 8 in Dodging
 18781 | Lair:3   | Got a fine amber ring
 18816 | Lair:3   | Identified the ring of Xujet {+Fly rN+ MP+9 Dex+4 Stlth-} (You found it on level 3 of the Lair of Beasts)
 18849 | Lair:4   | Found a staircase to the Shoals.
 18984 | Lair:4   | Reached skill level 10 in Fighting
 18986 | Lair:4   | Reached skill level 7 in Spellcasting
 19260 | Lair:4   | Noticed Josephine
 19272 | Lair:4   | Killed Josephine
 19273 | Lair:4   | Reached XP level 13. HP: 113/113 MP: 23/23
 20101 | Lair:5   | Found a staircase to the Slime Pits.
 21069 | Lair:5   | Reached skill level 11 in Unarmed Combat
 21468 | Lair:6   | Entered Level 6 of the Lair of Beasts
 22021 | Lair:6   | Reached skill level 10 in Transmutations
 22104 | Lair:6   | Reached skill level 8 in Spellcasting
 22316 | Lair:6   | Got a transparent copper ring
 22317 | Lair:6   | Identified the ring "Sucicangub" {Int+2 Stlth+} (You found it on level 6 of the Lair of Beasts)
 22606 | Lair:6   | Reached skill level 11 in Fighting
 22851 | Lair:6   | Reached skill level 4 in Evocations
 23111 | Lair:6   | Reached skill level 12 in Unarmed Combat
 23278 | Lair:6   | Noticed a dire elephant
 23285 | Lair:6   | Killed a dire elephant
 23472 | Lair:6   | Reached skill level 5 in Evocations
 23618 | Lair:6   | Noticed a fire dragon
 23731 | Lair:6   | Killed a fire dragon
 23731 | Lair:6   | Reached XP level 14. HP: 105/124 MP: 26/26
 24046 | Orc:1    | Entered Level 1 of the Orcish Mines
 24151 | Orc:2    | Entered Level 2 of the Orcish Mines
 24399 | Orc:2    | Noticed an orc warlord
 24412 | Orc:2    | Killed an orc warlord
 24450 | Orc:2    | Found a staircase to the Elven Halls.
 24832 | Orc:2    | Reached skill level 13 in Unarmed Combat
 25030 | Orc:2    | Found Etap's Assorted Antiques.
 25031 | Orc:2    | Found Tuema's Antique Armour Shop.
 25096 | Orc:2    | Reached skill level 12 in Fighting
 25325 | Orc:2    | Found Pomu's Food Emporium.
 25334 | Orc:2    | Found Uqisiheu's Antique Weapon Boutique.
 25818 | Orc:2    | Bought a bone wand for 120 gold pieces
 25819 | Orc:2    | Bought a scroll labeled DIOH WUTARO for 30 gold pieces
 25832 | Orc:2    | Bought a potion of heal wounds for 150 gold pieces
 25832 | Orc:2    | Bought a scroll of blinking for 225 gold pieces
 25935 | D:11     | Bought the Catalogue of the Rocks for 937 gold pieces
 25942 | D:11     | Learned a level 6 spell: Statue Form
 26154 | D:12     | Noticed Kirke
 26157 | D:12     | Reached skill level 1 in Earth Magic
 26164 | D:12     | Killed Kirke
 26214 | D:12     | Reached skill level 2 in Earth Magic
 26220 | D:12     | Reached skill level 9 in Dodging
 26243 | D:12     | Found a flagged portal.
 26278 | Bailey   | Entered a bailey
 26713 | D:12     | Reached skill level 3 in Earth Magic
 27498 | D:13     | Reached skill level 4 in Earth Magic
 28102 | D:13     | Found a basalt altar of Yredelemnul.
 28573 | D:14     | Reached skill level 5 in Earth Magic
 28750 | D:14     | Reached XP level 15. HP: 134/134 MP: 27/27
 28995 | D:14     | Found a gate to the Vaults.
 29162 | D:14     | Reached skill level 6 in Earth Magic
 29353 | D:14     | You fall through a shaft!
 29353 | D:15     | Entered Level 15 of the Dungeon
 29387 | D:15     | Reached skill level 13 in Fighting
 29544 | D:15     | Reached skill level 14 in Unarmed Combat
 30399 | D:15     | Reached skill level 7 in Earth Magic
 30609 | D:15     | Reached skill level 10 in Dodging
 30655 | D:15     | Noticed Nessos
 30664 | D:15     | Killed Nessos
 30759 | D:15     | HP: 25/135 [yaktaur captain (18)]
 30762 | D:15     | Reached skill level 8 in Earth Magic
 30970 | D:15     | Found a staircase to the Depths.
 32061 | D:4      | Bought a phial of floods for 400 gold pieces
 32223 | Lair:4   | Learned a level 2 spell: Poisonous Vapours
 32274 | Spider:1 | Entered Level 1 of the Spider Nest
 32299 | Lair:3   | grisnicke: @??ghostly moth
 32299 | Lair:3   | grisnicke: @??ghost moth
 32299 | Lair:3   | beem: ghost moth (y)
                  | Spd:
    12 | HD: 13   | HP: 58-87
                  | AC/EV: 8/10
                  | Dam: 18(drain stat), 18(drain stat), 12(strong poison:47-84)
                  | fly
                  | Res: magic(100), cold, poison
                  | Chunks: noxious
                  | XP: 1684
                  | Sp: draining gaze [!sil]
                  | Sz: Large
                  | Int: animal.
 32302 | Lair:3   | Killed a ghost moth
 32302 | Lair:3   | Reached skill level 9 in Earth Magic
 32351 | Spider:1 | Found a frozen archway.
 32380 | IceCv    | Entered an ice cave
 34126 | Spider:1 | HP: 34/136 [wolf spider (15)]
 34165 | Lair:3   | HP: 34/136 [poisoned by a wolf spider]
 34170 | Lair:3   | HP: 30/136 [poisoned by a wolf spider]
 34175 | Lair:3   | HP: 29/136 [poisoned by a wolf spider]
 34181 | Lair:3   | HP: 29/136 [poisoned by a wolf spider]
 34188 | Lair:3   | HP: 31/136 [poisoned by a wolf spider]
 34195 | Lair:3   | HP: 34/136 [poisoned by a wolf spider]
 34503 | Spider:1 | HP: 23/163 [jumping spider (20)]
 34511 | Spider:1 | HP: 29/163 [jumping spider (12)]
 34699 | Spider:1 | You fall through a shaft!
 35119 | Spider:2 | Reached skill level 10 in Earth Magic
 35153 | Spider:2 | Reached XP level 16. HP: 118/144 MP: 28/28
 35395 | Spider:2 | Reached skill level 11 in Transmutations
 35616 | Spider:2 | Got a scintillating tin ring
 35617 | Spider:2 | Identified the ring of Buamp {rN+ MR+} (You took it off an entropy weaver on level 2 of the Spider Nest)
 36674 | Spider:3 | HP: 33/145 [spark wasp (17)]
 36676 | Spider:3 | Reached skill level 14 in Fighting
 37020 | D:11     | Bought an uncursed staff of air for 375 gold pieces
 37421 | D:6      | Identified the cursed ring "Odima" {rC+ AC-2} (You found it on level 6 of the Dungeon)
 38387 | Spider:4 | Entered Level 4 of the Spider Nest
 38668 | Spider:4 | Reached skill level 11 in Earth Magic
 38715 | Spider:4 | grisnicke: @??ghost moth
 38715 | Spider:4 | beem: ghost moth (y)
                  | Spd:
    12 | HD: 13   | HP: 58-87
                  | AC/EV: 8/10
                  | Dam: 18(drain stat), 18(drain stat), 12(strong poison:47-84)
                  | fly
                  | Res: magic(100), cold, poison
                  | Chunks: noxious
                  | XP: 1684
                  | Sp: draining gaze [!sil]
                  | Sz: Large
                  | Int: animal.
 39504 | Spider:4 | Reached skill level 9 in Spellcasting
 40360 | Spider:4 | Reached skill level 12 in Transmutations
 40601 | Spider:4 | Got a gossamer rune of Zot
 40746 | Shoals:1 | Entered Level 1 of the Shoals
 40811 | Shoals:1 | Noticed Roxanne
 41007 | Shoals:1 | Reached skill level 12 in Earth Magic
 41371 | Shoals:1 | Reached skill level 10 in Spellcasting
 41571 | Shoals:1 | Reached XP level 17. HP: 100/152 MP: 31/31
 41856 | Shoals:2 | Noticed Jorgrun
 41867 | Shoals:2 | Killed Jorgrun
 43624 | Shoals:3 | Noticed Nikola
 43634 | Shoals:3 | Killed Nikola
 43712 | Shoals:4 | Entered Level 4 of the Shoals
 43729 | Shoals:4 | Noticed Ilsuiw
 43869 | Shoals:4 | Reached skill level 15 in Unarmed Combat
 43880 | Shoals:4 | Identified the Handbook of Torrid Stones
 43887 | Shoals:4 | Learned a level 5 spell: Lee's Rapid Deconstruction
 44106 | Shoals:4 | Reached skill level 11 in Dodging
 45237 | Shoals:4 | Noticed a kraken
 45251 | Shoals:4 | Killed a kraken
 45280 | Shoals:4 | Reached skill level 15 in Fighting
 45304 | Shoals:4 | Got a barnacled rune of Zot
 45699 | Vaults:1 | Entered Level 1 of the Vaults
 45747 | Vaults:1 | Got a warped spear
 45921 | Vaults:1 | Reached XP level 18. HP: 163/163 MP: 32/32
 46318 | Vaults:1 | Noticed a Tzitzimitl
 46321 | Vaults:1 | Noticed a Brimstone Fiend
 46325 | Vaults:1 | Reached skill level 12 in Dodging
 46325 | Vaults:1 | Reached skill level 16 in Unarmed Combat
 46672 | Vaults:1 | Got an uncursed jewelled arbalest {freeze}
 47361 | D:11     | Bought a lamp of fire for 600 gold pieces
 47605 | Vaults:2 | Found Coneof's Distillery.
 47646 | Vaults:2 | HP: 30/211 [phantasmal warrior[a vampire mage] (24)]
 47646 | Vaults:2 | HP: 11/211 [something (4)]
 47646 | Vaults:2 | Mangled by a phantasmal warrior

Skill      XL: |  1  2  3  4  5  6  7  8  9 10 11 12 13 14 15 16 17 18 |
---------------+-------------------------------------------------------+-----
Transmutations | 3 4 6 7 8 9 10 12 | 12.0
Fighting       | 2 4 6 7 8 9 10 11 12 13 14 15 | 15.5
Poison Magic   | 1 |  1.0
Spellcasting   | 3 4 5 7 8 10 | 10.6
Unarmed Combat | 4 5 6 8 9 10 12 13 14 15 16 | 16.4
Ice Magic      | 2 |  2.4
Evocations     | 3 5 |  5.0
Dodging        | 5 6 8 9 10 11 12 | 12.6
Summonings     | 5 7 |  7.2
Air Magic      | 5 7 |  7.0
Translocations | 1 |  1.0
Earth Magic    | 5 10 12 | 12.0

Action                   |  1- 3 |  4- 6 |  7- 9 | 10-12 | 13-15 | 16-18 || total
-------------------------+-------+-------+-------+-------+-------+-------++-------
Melee: Unarmed           |   117 |    94 |   198 |   684 |   757 |  1106 ||  2956
       Kick              |    11 |    17 |    11 |       |       |       ||    39
       Tailslap          |    11 |     9 |    11 |    36 |    68 |   109 ||   244
       Headbutt          |     4 |     3 |     6 |     2 |       |       ||    15
       Punch             |     1 |     2 |     3 |     9 |    26 |    63 ||   104
       Hunting sling     |       |       |       |       |     7 |     6 ||    13
       Blowgun           |       |       |       |       |     1 |       ||     1
 Fire: Blowgun           |       |       |       |     7 |    13 |    10 ||    30
       Hunting sling     |       |       |       |   120 |   453 |    60 ||   633
Throw: Stone             |    22 |       |       |     9 |       |       ||    31
       Javelin           |       |       |    28 |     8 |     2 |       ||    38
       Tomahawk          |       |       |     1 |     2 |       |       ||     3
 Cast: Beastly Appendage |    26 |    13 |    21 |     4 |     1 |       ||    65
       Sticks to Snakes  |     1 |     9 |    28 |    43 |    34 |    53 ||   168
       Spider Form       |     1 |     3 |     5 |     6 |     1 |       ||    16
       Ice Form          |       |       |     2 |    36 |    22 |     1 ||    61
       Blade Hands       |       |       |       |     8 |    71 |     4 ||    83
       Summon Lightning  |       |       |       |    38 |   192 |   170 ||   400
       Poisonous Vapours |       |       |       |       |    30 |   122 ||   152
       Statue Form       |       |       |       |       |       |    38 ||    38
       Blink             |       |       |       |       |       |     1 ||     1
       Lee's Rapid Decon |       |       |       |       |       |     1 ||     1
Invok: Lunge             |       |     1 |    22 |    98 |   103 |   142 ||   366
       Whirlwind         |       |       |     3 |    83 |    65 |   172 ||   323
       Wall Jump         |       |       |     1 |     8 |     9 |     8 ||    26
       Serpent's Lash    |       |       |       |     1 |     4 |     8 ||    13
 Abil: Breathe Steam     |       |       |    21 |    24 |    23 |     6 ||    74
       End Transformatio |       |       |     2 |     7 |    12 |     3 ||    24
       Evoke Invisibilit |       |       |       |     1 |     3 |       ||     4
Evoke: Wand              |       |       |     5 |     7 |    21 |    15 ||    48
  Use: Scroll            |     1 |     9 |     6 |    16 |    15 |    11 ||    58
       Potion            |       |     1 |     1 |     1 |     5 |     4 ||    12
 Stab: Distracted        |     1 |       |     2 |    10 |    16 |    32 ||    61
       Sleeping          |       |       |     1 |     1 |       |       ||     2
       Paralysed         |       |       |       |    11 |     5 |       ||    16
  Eat: Chunk             |     4 |     8 |    13 |    42 |    50 |    34 ||   151
       Ration            |       |       |     2 |     1 |    10 |     8 ||    21
Armor: Skin              |    31 |    21 |    46 |   139 |   254 |   698 ||  1189
Dodge: Dodged            |    91 |    47 |   140 |   330 |   636 |  1082 ||  2326

Vault maps used:
D:1:      ldierk_walled_garden
D:2:      lemuel_round_altar, fiery_altar_vehumet,
          hangedman_decor_diamond_cutter
D:3:      xom_redecorated, first_ration, uniq_jessica
D:4:      nicolae_gozag_seed_capital, serial_shops, kennysheep_little_box, shop,
          shop, nicolae_shop_behind_doors, serial_co_window_serial,
          co_window_paths_a, co_window_cross_1, co_window_of_opportunity_a,
          co_window_corner_a, co_window_of_opportunity_a,
          co_window_of_opportunity_a, co_window_2corner, co_window_corner_ca,
          co_window_corner_cb, co_window_4corner_b, co_window_paths_d
D:5:      minitemple, dk_noncrumbling_2, uniq_pikel, uniq_blork_the_orc
D:6:      kennysheep_mini_moat, temple_doors_e, minmay_hollow_rounded_squares
D:7:      tso_metal_star, basic_altar
D:8:      special_room
D:9:      lair_entry_dummy
D:10:     hangedman_little_slice_of_home, uniq_psyche, uniq_maurice
D:11:     old_forge, serial_shops, shop, columned_hall_lemuel,
          nicolae_elemental_shop
D:12:     enter_bailey_2, uniq_kirke
D:13:     basic_altar
D:14:     minmay_opposing_rooms, hangedman_vaults_entry_quadrant_bands,
          hangedman_abyss_or_decor_stagger, grunt_decor_mini_mirrors
D:15:     grunt_enter_depths_snipers, serial_bayou_lagoon_a, feat_on_display,
          uniq_nessos
Lair:1:   beast_lair_carwin_large_1, minivault_24, uniq_gastronok
Lair:2:   special_room, beast_lair_carwin_1, infiniplex_staircase_pool,
          minmay_lair_oklob_chamber, uniq_fannar
Lair:3:   statuecave_lemuel, spider_nest_entry_web_field, serial_bayou_ford_a,
          disabler_island
Lair:4:   elwin_shoals_entry_rocks, st_stairs_9, eino_house_with_fridge,
          grunt_megastairs_1, uniq_josephine
Lair:5:   lemuel_slime, minmay_slime_entry_jelly_boxes, serial_bayou_shore_b
Lair:6:   hangedman_lair_in_review, guppyfry_lair_end_dragon
Shoals:1: cheibrodos_shoals_oceanic_diplomacy, uniq_roxanne
Shoals:2: uniq_jorgrun
Shoals:3: uniq_nikola
Shoals:4: shoals_end_simple, shoals_ilsuiw_ice
Spider:1: nicolae_spider_mines_1, portal_ice_cave_entry_frozen_things
Spider:3: nicolae_spider_ant_collections
Spider:4: guppyfry_spider_rune
Orc:1:    nicolae_volcano_entry_hallway
Orc:2:    st_orc_open
Vaults:1: v_misc_2, nicolae_vaults_network_square, ontoclasm_vaults_shout,
          ontoclasm_vaults_gateway, hangedman_vaults_hat,
          hangedman_vaults_capsules, nicolae_vaults_border_crossing,
          nicolae_vaults_yaktaur_gun_rack, vaults_dpeg_encased_lava,
          nicolae_vaults_little_squares_6, v_alt_pattern_3,
          nicolae_vaults_little_ls, serial_ice_m, vaults_room_pools
Vaults:2: v_misc_13, ontoclasm_vaults_idyll, minmay_crypt_entry_simple_corners,
          v_misc_22, v_misc_33, nicolae_vaults_an_arrangement, v_misc_28,
          hangedman_vaults_nails, ontoclasm_vaults_tryst, serial_shops,
          nicolae_shop_statue_plus
Bailey:   bailey_polearm_gnolls_kennysheep, bailey
IceCv:    ice_cave_tombish

Table legend:
 A = Turns spent in this place as a percentage of turns spent in the entire game.
 B = Non-inter-level travel turns spent in this place as a percentage of non-inter-level travel turns spent in the entire game.
 C = Inter-level travel turns spent in this place as a percentage of turns spent in this place.
 D = Turns resting spent in this place as a percentage of non-inter-level travel turns spent in this place.
 E = Turns spent auto-exploring this place as a percentage of non-inter-level travel turns spent in this place.
 F = Non-inter-level travel turns spent in this place divided by the number of levels of this place that you've seen.
                   A       B       C       D       E      F
               +-------+-------+-------+-------+-------+----------------------
         Total | 100.0 | 100.0 |   8.7 |  24.1 |  33.5 | 1243.5
       Dungeon |  44.1 |  42.9 |  11.1 |  20.2 |  40.0 | 1245.8
          Lair |  22.7 |  22.4 |   9.6 |  29.4 |  30.6 | 1626.7
        Shoals |   9.8 |  10.3 |   3.9 |  24.7 |  23.7 | 1119.0
   Spider Nest |  12.5 |  12.8 |   6.9 |  29.0 |  29.4 | 1388.8
  Orcish Mines |   3.8 |   4.0 |   4.2 |   7.7 |  41.4 | 875.0
        Vaults |   3.6 |   3.7 |   5.2 |  12.3 |  42.0 | 803.5
        Bailey |   0.8 |   0.9 |   0.0 |  17.5 |   3.8 | 394.0
      Ice Cave |   2.7 |   3.0 |   0.0 |  55.3 |   0.0 | 1294.0
               +-------+-------+-------+-------+-------+----------------------

Table legend:
 A = Kills in this place as a percentage of kills in entire the game.
 B = Kills by you in this place as a percentage of kills by you in the entire game.
 C = Kills by friends in this place as a percentage of kills by friends in the entire game.
 D = Other kills in this place as a percentage of other kills in the entire game.
 E = Experience gained in this place as a percentage of experience gained in the entire game.
 F = Experience gained in this place divided by the number of levels of this place that you have seen.
                   A       B       C       D       E      F
               +-------+-------+-------+-------+-------+----------------------
         Total | 100.0 | 100.0 | 100.0 |   N/A | 100.0 | 9573.8
       Dungeon |  35.6 |  42.6 |  18.4 |   N/A |  18.5 | 4136.5
          Lair |  22.1 |  19.8 |  27.9 |   N/A |  16.4 | 9140.8
        Shoals |  11.9 |  11.8 |  12.1 |   N/A |  22.7 | 19041.2
   Spider Nest |  12.1 |  10.2 |  16.7 |   N/A |  18.3 | 15353.5
  Orcish Mines |   7.1 |   5.1 |  12.1 |   N/A |   4.7 | 7847.5
        Vaults |   7.3 |   8.0 |   5.6 |   N/A |  17.0 | 28479.0
        Bailey |   2.1 |   0.9 |   5.1 |   N/A |   0.2 | 799.0
      Ice Cave |   1.7 |   1.6 |   1.9 |   N/A |   2.1 | 7159.0
               +-------+-------+-------+-------+-------+----------------------
